 Dungeon Crawl Stone Soup version 0.27-a0-1060-gcb85b5eba1 (webtiles) character file.

Game seed: 10545627382411864877

128 Ijustatesigmund the Skirmisher (level 4, -6/37 HPs)
             Began as a Demonspawn Fighter on Apr 21, 2021.
             Killed by nerve-wracking pain
             ... invoked by an orc priest
              (8 damage)
             ... on level 3 of the Dungeon.
             The game lasted 00:02:44 (2809 turns).

Ijustatesigmund the Skirmisher (Demonspawn Fighter) Turns: 2809, Time: 00:02:45

Health: -6/37      AC:  7    Str: 16    XL:     4   Next: 87%
Magic:  4/4        EV:  7    Int:  9    God:
Gold:   94         SH:  8    Dex: 14    Spells: 3/3 levels left

rFire    . . .     SeeInvis .   a - +0 war axe
rCold    . . .     Faith    .   c - +0 kite shield
rNeg     . . .     Spirit   .   b - +0 scale mail
rPois    .         Reflect  .   f - +0 helmet
rElec    .         Harm     .   (no cloak)
rCorr    .         Rampage  .   (no gloves)
Will     .....                  (no boots)
Stlth    ..........             (no amulet)
HPRegen  0.12/turn              (no ring)
MPRegen  0.09/turn              (no ring)

@: mighty
A: talons 1, foul stench 2
a: no special abilities


You were on level 3 of the Dungeon.
You visited 1 branch of the dungeon, and saw 3 of its levels.

You collected 94 gold pieces.

Inventory:

Hand Weapons
 a - a +0 war axe (weapon)
Armour
 b - a +0 scale mail (worn)
 c - a +0 kite shield (worn)
 f - a +0 helmet (worn)
Scrolls
 e - a scroll of amnesia {unknown}
 g - 2 scrolls of identify {unknown}


   Skills:
 + Level 3.8 Fighting
 * Level 3.5 Axes
 - Level 2.6 Armour
 + Level 1.8 Dodging
 - Level 2.6 Shields


You had 3 spell levels left.
You didn't know any spells.
Your spell library was empty.

Dungeon Overview and Level Annotations

Branches:
Dungeon (3/15)

Altars:
Vehumet


Innate Abilities, Weirdness & Mutations

You have sharp toenails.
You sometimes emit foul miasma when damaged in melee.


Message History

The orc priest hits you from afar with a +0 trident.
The orc hits you but does no damage. You block the adder's attack.
The orc priest barely misses you.
Unknown command.
You hit the orc but do no damage. You claw the orc.
You kill the orc!
You closely miss the adder. You block the adder's attack.
The orc priest hits you but does no damage.
The adder bites you but does no damage.
You miss the adder. Your kick misses the adder.
The adder is moderately wounded.
You block the adder's attack.
The orc priest hits you but does no damage.
You block the adder's attack. You block the orc priest's attack.
You hit the adder but do no damage. Your kick misses the adder.
The adder is moderately wounded.
The adder bites you but does no damage.
The orc priest calls down the wrath of Beogh upon you.
Beogh smites you!
* * * LOW HITPOINT WARNING * * *
You block the adder's attack.
You feel very mighty all of a sudden.
The orc priest hits you from afar with a +0 trident.
* * * LOW HITPOINT WARNING * * *
The adder bites you but does no damage.
You barely miss the adder. Your kick misses the adder.
The adder is moderately wounded.
The adder bites you but does no damage. You block the orc priest's attack.
You block the adder's attack.
The orc priest mumbles some strange prayers to Beogh against you.
Beogh smites you!
* * * LOW HITPOINT WARNING * * *
You slash the adder!
You kill the adder!
The orc priest hits you but does no damage.
You slash the orc!
You kill the orc!
The orc priest invokes the aid of Beogh against you.
Pain shoots through your body!
You die...

. #.### #....
#....<
#....o#########
......)).......
#@# #.#
#.########.
#..........
#..########
#..#######
#......... ..
#......... #.#
#.........


You could see an orc priest.

Vanquished Creatures
  4 gnolls
  4 adders
  2 worms (D:2)
  A dart slug (D:2)
  4 orcs (D:3)
  2 bats
  4 endoplasms
  A giant cockroach (D:1)
  7 goblins
  2 hobgoblins
  7 jackals (D:1)
  2 quokkas
  A ball python (D:1)
  2 frilled lizards (D:2)
  A kobold (D:2)
  A rat (D:2)
45 creatures vanquished.

Notes
Turn   | Place    | Note
-------+----------+-------------------------------------------
     0 | D:1      | Ijustatesigmund the Demonspawn Fighter began the quest for
                  | the Orb.
     0 | D:1      | Reached XP level 1. HP: 18/18 MP: 1/1
   426 | D:1      | Gained mutation: You may rarely emit foul miasma when
                  | damaged in melee. [demonic ancestry]
   426 | D:1      | Reached XP level 2. HP: 21/24 MP: 2/2
  1000 | D:2      | Reached skill level 1 in Dodging
  1000 | D:2      | Gained mutation: You have sharp toenails. [demonic
                  | ancestry]
  1000 | D:2      | Reached XP level 3. HP: 22/29 MP: 3/3
  1541 | D:2      | Gained mutation: You sometimes emit foul miasma when
                  | damaged in melee. [demonic ancestry]
  1541 | D:2      | Reached XP level 4. HP: 16/35 MP: 4/4
  1736 | D:2      | Found a faded altar of an unknown god.
  1778 | D:2      | Found a radiant altar of Vehumet.
  2809 | D:3      | Killed from afar by an orc priest

Illustrated notes

Levels and vault maps discovered:
D:1:      ncdulo_smallfort, layout_basic, minmay_misc_feat_chi
D:2:      layout_rooms, basic_altar, shapermc_ecumenical_altar_gd
D:3:      layout_basic, uniq_grinder, uniq_jessica

Skill      XL: |  1  2  3 |
---------------+----------+-----
Axes           | 2 3 |  3.5
Dodging        | 1 |  1.8
Fighting       | |  3.8
Armour         | |  2.6
Shields        | |  2.6

Action                   |  1- 3 |  4- 6 || total
-------------------------+-------+-------++-------
Melee: War axe           |    79 |    34 ||   113
       Kick              |    10 |     6 ||    16
  Use: Potion            |       |     1 ||     1
Armor: Scale mail        |    51 |    24 ||    75
Dodge: Dodged            |    30 |    21 ||    51
Block: Kite shield       |    55 |    30 ||    85

Table legend: (Time is in decaauts)
 A = Elapsed time spent in this place.
 B = Non-inter-level travel time spent in this place.
 C = Inter-level travel time spent in this place.
 D = Time resting spent in this place.
 E = Time spent auto-exploring this place.
 F = Levels seen in this place.
 G = Mean time per level.
                   A        B        C        D        E       F      G
               +--------+--------+--------+--------+--------+-----+--------+
         Total |   2880 |   2813 |     67 |   1189 |   1327 |   3 |  960.0 |
       Dungeon |   2880 |   2813 |     67 |   1189 |   1327 |   3 |  960.0 |
               +--------+--------+--------+--------+--------+-----+--------+

Top non-repeatable levels by time:
     D:2: 1582 daAuts
     D:1: 1018 daAuts
     D:3: 279 daAuts
